 BcadrenCrawl: Boulder Brew version 0.03.3.1 (webtiles) character file.

Game seed: 6592497795455769932, levelgen mode: deterministic

7534 esc the Digger (level 11, -5/83 HPs) Gnoll Noble. Began on Mar 13, 2021. Slain by a black mamba (10 damage) ... on level 1 of the Lair of Beasts. The game lasted 00:12:24 (4864 turns).

esc the Digger (Gnoll Noble)                        Turns: 4864, Time: 00:12:24

Health: -5/83      AC: 10    Str: 13    XL:     11 ^: 7608
Magic:  21/21      EV: 16    Int: 13    God:
Gold:   327        SH:  0    Dex: 24    Spells: 23/23 levels left

rFire    . . .     Vision   +   c - +1 longbow
rCold    . . .     Gourm    .   (also wielding the above weapon)
rNeg     . . .     Faith    .   z - +0 ring mail of the Stallion {Dex-2 Slay+5 +Vis Stlth-}
rPois    .         Spirit   .   e - +0 hat {+Vis}
rElec    .         Reflect  .   h - +0 cloak
rCorr    .         Harm     .   d - +0 pair of gloves {archery}
MR       .....                  g - +0 pair of boots
Stlth    ++........             (no amulet)
HPRegen  0.37/turn              i - ring of dexterity
MPRegen  0.31/turn              (no ring)

@: lethally poisoned (-5 -> -13), very slightly contaminated, studying Earth
Magic
A: distributed training, fangs 1, strong nose
a: no special abilities


You were on level 1 of the Lair of Beasts.
You were not hungry.

You visited 3 branches of the dungeon, and saw 7 of its levels.
You also visited: Market.

You collected 323 gold pieces.
You spent 996 gold pieces at shops.

Inventory:

Weapons
 c - a +1 longbow (weapon)
Armour
 d - a +0 pair of gloves of archery (worn)
 e - a +0 hat of improved vision (worn)
 g - a +0 pair of boots (worn)
 h - a +0 cloak (worn)
 k - a +0 robe of magic resistance
 o - a +2 robe of cold resistance
 z - the +0 ring mail of the Stallion (worn) {Dex-2 Slay+5 +Vis Stlth-}
   (You found it on level 5 of the Dungeon)

   It affects your dexterity (-2).
   It affects your accuracy and damage with ranged weapons and melee attacks
   (+5).
   It improves your vision.
   It makes you less stealthy.
Jewellery
 i - a ring of dexterity (left hand)
 j - a cursed ring of intelligence {(Curse: *Drain)}
 A - a cursed ring of intelligence {(Curse: MR-)}
Wands
 s - a wand of polymorph (8)
 t - a wand of random effects (17)
 u - a wand of acid (7)
 y - a wand of flame (2)
 C - a wand of ensnaring (9)
Scrolls
 B - a scroll of fog
Potions
 a - a potion of magic
 l - 3 potions of curing
 m - a potion of brilliance
 p - a potion of cancellation
 q - a potion of cure mutation
 r - a potion of heal wounds
 v - a potion of berserk rage
 x - 5 potions of might
Comestibles
 b - 16 rations
 w - 4 chunks of flesh


   Skills:
 + Level 6.6 Fighting
 + Level 6.0 Short Blades
 + Level 6.0 Long Blades
 + Level 6.0 Axes & Hammers
 + Level 6.0 Whips & Flails
 + Level 6.0 Polearms
 + Level 6.0 Maces & Staves
 + Level 6.0 Slings
 + Level 6.0 Bows
 + Level 6.0 Crossbows
   Level 0.0 Throwing
 + Level 6.0 Armour
 + Level 6.0 Dodging
 + Level 6.5 Stealth
 + Level 6.0 Shields
 + Level 6.0 Unarmed Combat
 + Level 6.7 Spellcasting
 + Level 5.0 Hexes
 + Level 5.0 Charms
 + Level 5.0 Summonings
 + Level 5.0 Necromancy
 + Level 5.0 Translocations
 + Level 5.0 Transmutations
 + Level 5.0 Fire Magic
 + Level 5.0 Ice Magic
 + Level 5.0 Air Magic
 + Level 7.0 Earth Magic
 + Level 5.0 Poison Magic
 + Level 6.6 Invocations
 + Level 6.0 Evocations


You had 23 spell levels left.
You didn't know any spells.
Your spell library was empty.

Dungeon Overview and Level Annotations

Branches:
Dungeon (5/8)              Temple (1/1) D:4            Lair (1/6) D:5

Altars:
Ashenzari
Cheibriados
Dithmenos
Elyvilon
Fedhas Madash
Gozag Ym Sagoz
Hepliaklqana
Kikubaaqudgha
Makhleb
Nemelex Xobeh
Okawaru
Qazlal
Ru
Sif Muna
Trog
Uskayaw
Vehumet
Wu Jian
Xom
Yredelemnul
Zin
The Shining One

Shops:
D:2 (

Annotations:
Lair:1 Fannar


Innate Abilities, Weirdness & Mutations

Your experience applies equally to all skills.
You have very sharp teeth.
Your uncanny sense of smell can sniff out nearby items.


Message History

The water moccasin bites you but does no damage.
The black mamba bites you (13)! The spiny frog hits you (3).
The black mamba bites you (12)!
The porcupine twitches its whiskers.
The water moccasin bites you but does no damage.
The black mamba bites you (6).
You are poisoned.
The black mamba poisons you (27)!!
You feel sick. (2)
The black mamba barely misses you (0).
You feel sick. (2)
The water moccasin bites you but does no damage.
The black mamba bites you but does no damage.
You feel sick. (2)
The black mamba bites you (14)!
* * * LOW HITPOINT WARNING * * *
* * * LOW HITPOINT WARNING * * *
You feel sick. (1)
The black mamba bites you (10)!
You die...

.......................
........................
......................†.
.......:................
...........t...........
...............[.......
##...SFF.............
##....Sr.............
#...@................
#..S.#####P#####.....
#P.... ### #.....
##...## #..... #...#
#..... #...# #.....
#...# ....... P...#
.......


You could see 2 black mambas, a spiny frog, a water moccasin, a crocodile, a
bullfrog and a porcupine.

Vanquished Creatures
  A two-headed ogre (D:5)
  A rock worm (D:5)
  Maurice (D:5)
  A black mamba (Lair:1)
  A troll (D:5)
  A cyclops (D:5)
  A wyvern (D:5)
  A yak (D:5)
  A hungry ghost (D:5)
  3 scorpions
  2 orc warriors (D:5)
  2 phantoms
  2 water moccasins
  4 porcupines
  4 black bears (D:5)
  2 ice beasts
  7 ogres
  A wolf (Lair:1)
  The ghost of Sousig the Charmwright, an amateur LiSk (D:3)
  A big kobold (D:5)
  Blork the orc (D:3)
  6 bullfrogs
  2 centaurs (D:5)
  A howler monkey (D:3)
  6 killer bees (D:5)
  3 wights (D:5)
  A crimson imp (D:3)
  5 jellies
  A gnoll shaman (D:5)
  5 orc priests
  2 hounds
  8 orc wizards
  4 worker ants (D:3)
  2 water moccasin skeletons
  4 giant cockroaches
  An iron imp (D:3)
  2 bullfrog zombies
  5 bullfrog skeletons
  11 adders
  3 gnolls (D:5)
  21 sewer rats (D:2)
  3 worms
  6 cinder newts
  3 hound zombies
  5 oozes
  5 leopard geckos
  26 orcs
  A ball python (D:1)
  7 goblins (D:1)
  4 hobgoblins (D:1)
  3 quokkas
  A ball python skeleton (D:3)
  3 bats
  2 bat skeletons (D:2)
  A hobgoblin skeleton (D:2)
  15 kobolds
  A kobold skeleton (D:2)
  2 quokka skeletons
  6 rats (D:1)
  A fungus (D:5)
  A giant blowfly (D:2)
  3 plants
  A withered plant (D:2)
232 creatures vanquished.

Vanquished Creatures (others)
  A black bear (D:5)
  3 bushes (Lair:1)
  39 fungi (D:5)
  53 plants
  70 withered plants (D:2)
166 creatures vanquished.

Grand Total: 398 creatures vanquished

Notes
Turn   | Place    | Note
-------+----------+-------------------------------------------
     0 | Start Ma | esc the Gnoll Noble began the quest for the Orb.
     0 | Start Ma | Reached XP level 1. HP: 17/17 MP: 4/4
     0 | Start Ma | Found Xubeuj's Expert Tomes.
     5 | Start Ma | Found Ikaofoev's Auxillary Armour.
     7 | Start Ma | Bought a +0 longbow for 180 gold pieces
    14 | Start Ma | Bought a +0 pair of gloves of archery for 230 gold pieces
    14 | Start Ma | Bought a +0 hat of improved vision for 220 gold pieces
    24 | Start Ma | Found Gobla's Mashing MeleeMart.
    29 | Start Ma | Bought 2 scrolls of teleportation for 96 gold pieces
    35 | Start Ma | Bought a +0 pair of boots for 135 gold pieces
    45 | Start Ma | Bought a +0 cloak for 135 gold pieces
    61 | D:1      | esc set off with the following items: a +0 robe, a ration,
                  | a +0 longbow, a +0 pair of gloves of archery, a +0 hat of
                  | improved vision, 2 scrolls of teleportation, a +0 pair of
                  | boots, a +0 cloak
    91 | D:1      | Reached XP level 2. HP: 23/23 MP: 5/5
   104 | D:1      | Reached XP level 3. HP: 28/28 MP: 7/7
   175 | D:1      | Reached skill level 1 in Invocations
   241 | D:1      | Reached skill level 1 in Short Blades
   241 | D:1      | Reached skill level 1 in Long Blades
   241 | D:1      | Reached skill level 1 in Axes & Hammers
   241 | D:1      | Reached skill level 1 in Whips & Flails
   241 | D:1      | Reached skill level 1 in Polearms
   241 | D:1      | Reached skill level 1 in Maces & Staves
   241 | D:1      | Reached skill level 1 in Slings
   241 | D:1      | Reached skill level 1 in Bows
   241 | D:1      | Reached skill level 1 in Crossbows
   241 | D:1      | Reached skill level 1 in Armour
   241 | D:1      | Reached skill level 1 in Dodging
   241 | D:1      | Reached skill level 1 in Shields
   241 | D:1      | Reached skill level 1 in Unarmed Combat
   241 | D:1      | Reached skill level 1 in Evocations
   329 | D:1      | Reached XP level 4. HP: 26/34 MP: 8/8
   662 | D:2      | Found Kaiqocwo's Antique Weapon Shop.
   686 | D:2      | Reached skill level 1 in Hexes
   686 | D:2      | Reached skill level 1 in Charms
   686 | D:2      | Reached skill level 1 in Summonings
   686 | D:2      | Reached skill level 1 in Necromancy
   686 | D:2      | Reached skill level 1 in Translocations
   686 | D:2      | Reached skill level 1 in Transmutations
   686 | D:2      | Reached skill level 1 in Fire Magic
   686 | D:2      | Reached skill level 1 in Ice Magic
   686 | D:2      | Reached skill level 1 in Air Magic
   686 | D:2      | Reached skill level 1 in Earth Magic
   686 | D:2      | Reached skill level 1 in Poison Magic
   714 | D:2      | Reached XP level 5. HP: 40/40 MP: 9/9
   786 | D:2      | Found an ancient bone altar of Kikubaaqudgha.
   830 | D:2      | Reached XP level 6. HP: 41/47 MP: 10/10
  1709 | D:2      | Found a sacrificial altar of Ru.
  2054 | D:3      | Reached skill level 2 in Earth Magic
  2054 | D:3      | Reached XP level 7. HP: 52/52 MP: 12/12
  2090 | D:3      | Noticed Blork the orc
  2092 | D:3      | Killed Blork the orc
  2421 | D:3      | Reached XP level 8. HP: 60/60 MP: 14/14
  2455 | D:3      | Reached skill level 3 in Earth Magic
  2525 | D:3      | Found a runed translucent gate.
  2525 | D:3      | Found a runed translucent gate.
  2525 | D:3      | Found a runed translucent gate.
  2525 | D:3      | Noticed Sousig's ghost (amateur LiSk)
  2565 | D:3      | Killed Sousig's ghost
  2678 | D:4      | Found a shattered altar of Ashenzari.
  2850 | D:4      | Reached skill level 4 in Earth Magic
  3052 | D:4      | Reached XP level 9. HP: 66/66 MP: 16/16
  3064 | D:4      | Found a staircase to the Ecumenical Temple.
  3075 | Temple   | Entered the Ecumenical Temple
  3371 | D:4      | Reached skill level 5 in Spellcasting
  3515 | D:4      | Found a sacrificial altar of Ru.
  3519 | D:4      | Reached skill level 5 in Fighting
  3646 | D:5      | Entered Level 5 of the Dungeon
  3735 | D:5      | Reached skill level 5 in Stealth
  3757 | D:5      | Found an opulent altar of Gozag.
  3822 | D:5      | Reached skill level 5 in Earth Magic
  3877 | D:5      | Reached skill level 5 in Invocations
  4007 | D:5      | Reached XP level 10. HP: 74/74 MP: 18/18
  4035 | D:5      | Reached skill level 5 in Short Blades
  4035 | D:5      | Reached skill level 5 in Long Blades
  4035 | D:5      | Reached skill level 5 in Axes & Hammers
  4035 | D:5      | Reached skill level 5 in Whips & Flails
  4035 | D:5      | Reached skill level 5 in Polearms
  4035 | D:5      | Reached skill level 5 in Maces & Staves
  4035 | D:5      | Reached skill level 5 in Slings
  4035 | D:5      | Reached skill level 5 in Bows
  4035 | D:5      | Reached skill level 5 in Crossbows
  4035 | D:5      | Reached skill level 5 in Armour
  4035 | D:5      | Reached skill level 5 in Dodging
  4035 | D:5      | Reached skill level 5 in Shields
  4035 | D:5      | Reached skill level 5 in Unarmed Combat
  4035 | D:5      | Reached skill level 5 in Evocations
  4049 | D:5      | Found a staircase to the Lair.
  4058 | D:5      | Noticed Maurice
  4282 | D:5      | Identified the +0 ring mail of the Stallion {Dex-2 Slay+5
                  | +Vis Stlth-}
  4282 | D:5      | Identified the cursed ring of the Black Skies {*Drain EV+5
                  | Str+5 Dex+4, (Curse: Fragile)}
  4345 | D:5      | Reached skill level 6 in Earth Magic
  4529 | D:5      | Noticed a two-headed ogre
  4533 | D:5      | Killed a two-headed ogre
  4708 | D:5      | Killed Maurice
  4710 | D:5      | Reached XP level 11. HP: 83/83 MP: 20/20
  4813 | Lair:1   | Entered Level 1 of the Lair of Beasts
  4826 | Lair:1   | Noticed Fannar
  4847 | Lair:1   | Reached skill level 5 in Hexes
  4847 | Lair:1   | Reached skill level 5 in Charms
  4847 | Lair:1   | Reached skill level 5 in Summonings
  4847 | Lair:1   | Reached skill level 5 in Necromancy
  4847 | Lair:1   | Reached skill level 5 in Translocations
  4847 | Lair:1   | Reached skill level 5 in Transmutations
  4847 | Lair:1   | Reached skill level 5 in Fire Magic
  4847 | Lair:1   | Reached skill level 5 in Ice Magic
  4847 | Lair:1   | Reached skill level 5 in Air Magic
  4847 | Lair:1   | Reached skill level 7 in Earth Magic
  4847 | Lair:1   | Reached skill level 5 in Poison Magic
  4864 | Lair:1   | Slain by a black mamba

Levels and vault maps discovered:
D:1:      ncdulo_wetmaze, layout_rooms, chequers_serial_rivers_room_b,
          hangedman_decor_slide_cut, serial_bayou_lagoon_a, roderic_malta_cross
D:2:      layout_sewer, old_standard_altar, lemuel_crystal_altar, serial_shops,
          shop_fountains, first_ration
D:3:      layout_twisted_cavern, gammafunk_ghost_necromancy, uniq_blork_the_orc
D:4:      layout_gridville, overflow_temple_1_default,
          minmay_temple_entry_glassed_door, basic_altar
D:5:      layout_loops_corners, lemuel_crystal_altar,
          due_lair_maze_entry_diamond, uniq_maurice
Temple:   regret_index_temple_mists
Lair:1:   layout_big_grid, basic_altar, minmay_hedge_maze, lemuel_fruit_fields,
          infiniplex_staircase_pool_2, uniq_fannar

Skill      XL: |  1  2  3  4  5  6  7  8  9 10 11 |
---------------+----------------------------------+-----
Invocations    | 1 2 3 4 5 6 |  6.6
Short Blades   | 1 2 3 4 5 6 |  6.0
Long Blades    | 1 2 3 4 5 6 |  6.0
Axes & Hammers | 1 2 3 4 5 6 |  6.0
Whips & Flails | 1 2 3 4 5 6 |  6.0
Polearms       | 1 2 3 4 5 6 |  6.0
Maces & Staves | 1 2 3 4 5 6 |  6.0
Slings         | 1 2 3 4 5 6 |  6.0
Bows           | 1 2 3 4 5 6 |  6.0
Crossbows      | 1 2 3 4 5 6 |  6.0
Armour         | 1 2 3 4 5 6 |  6.0
Dodging        | 1 2 3 4 5 6 |  6.0
Shields        | 1 2 3 4 5 6 |  6.0
Unarmed Combat | 1 2 3 4 5 6 |  6.0
Evocations     | 1 2 3 4 5 6 |  6.0
Spellcasting   | 3 4 5 6 |  6.7
Hexes          | 1 2 3 4 5 |  5.0
Charms         | 1 2 3 4 5 |  5.0
Summonings     | 1 2 3 4 5 |  5.0
Necromancy     | 1 2 3 4 5 |  5.0
Translocations | 1 2 3 4 5 |  5.0
Transmutations | 1 2 3 4 5 |  5.0
Fire Magic     | 1 2 3 4 5 |  5.0
Ice Magic      | 1 2 3 4 5 |  5.0
Air Magic      | 1 2 3 4 5 |  5.0
Earth Magic    | 1 2 4 5 6 7 |  7.0
Poison Magic   | 1 2 3 4 5 |  5.0
Fighting       | 3 4 5 6 |  6.6
Stealth        | 3 4 5 6 |  6.5

Action                   |  1- 3 |  4- 6 |  7- 9 | 10-12 || total
-------------------------+-------+-------+-------+-------++-------
 Fire: Longbow           |    46 |   120 |   204 |   126 ||   496
  Use: Scroll            |     1 |       |     3 |     6 ||    10
       Potion            |       |       |       |     1 ||     1
  Eat: Ration            |       |     1 |       |       ||     1
       Chunk             |       |       |     7 |     4 ||    11
Armor: Robe              |    12 |    11 |    20 |     3 ||    46
       Ring mail         |       |       |       |    18 ||    18
Dodge: Dodged            |    30 |    58 |    79 |    49 ||   216
